Map: Oxide LE

Players

COMMANDO

  • Race: Protoss Protoss
  • League: Diamond
  • Spawn Location: 7:00

DANKCRAFT - Winner!

  • Race: Terran Terran
  • League: Master
  • Spawn Location: 1:00

VOD

Have the link to the VOD?

Description

Time

  • Played on: Feb. 5, 2021, 10:48 p.m.
  • Length: 17:00
Show
View Real Time Build Order
Export as new Build Order

COMMANDO Protoss 

Build Orders:  

Get SALT Encoding   

  12  0:00  Probe  
  13  0:12  Probe  
  14  0:17  Pylon  
  14  0:24  Probe  
  15  0:36  Probe (Chrono Boost)  
  15  0:37  Gateway  
  16  0:48  Assimilator  
  16  0:49  Probe (Chrono Boost)  
  17  0:54  Probe (Chrono Boost)  
  18  0:57  Assimilator  
  18  1:03  Probe  
  19  1:10  Gateway  
  19  1:15  Probe  
  20  1:24  Cybernetics Core  
  20  1:27  Probe  
  21  1:38  Pylon  
  21  1:39  Probe  
  22  1:51  Probe  
  23  1:55  Warp Gate (Chrono Boost)  
  23  2:03  Stalker x2  
  27  2:23  Gateway  
  27  2:30  Gateway  
  27  2:31  Pylon  
  27  2:33  Stalker  
  29  2:42  Stalker  
  31  3:24  Pylon  
  31  3:31  Stalker x4  
  39  3:34  Pylon  
  39  3:56  Forge  
  39  4:10  Pylon  
  39  4:11  Probe  
  40  4:17  Sentry x4  
  40  4:23  Probe  
  48  4:31  Photon Cannon  
  48  4:40  Photon Cannon  
  43  5:15  Photon Cannon  
  43  5:20  Photon Cannon  
  43  5:27  Stalker  
  45  5:33  Probe  
  46  5:45  Probe  
  47  5:51  Photon Cannon  
  47  6:02  Nexus  
  47  6:03  Pylon  
  47  6:12  Pylon  
  47  6:15  Robotics Facility  
  47  6:18  Probe  
  47  6:20  Photon Cannon  
  47  6:52  Probe  
  48  7:00  Pylon  
  48  7:04  Observer (Chrono Boost), Probe (Chrono Boost)  
  50  7:09  Zealot x4  
  50  7:15  Probe (Chrono Boost)  
  59  7:16  Pylon  
  59  7:22  Probe (Chrono Boost)  
  60  7:29  Probe (Chrono Boost)  
  61  7:40  Pylon  
  50  8:19  Immortal (Chrono Boost), Probe x2  
  38  8:25  Zealot x4  
  48  8:33  Forge  
  46  8:35  Gateway, Probe x2  
  46  8:36  Gateway  
  46  8:38  Gateway  
  46  8:41  Photon Cannon  
  46  8:47  Probe x2  
  48  8:55  Pylon  
  48  8:58  Assimilator  
  48  8:59  Probe x2  
  49  9:12  Immortal (Chrono Boost)  
  49  9:13  Probe x2  
  49  9:14  Assimilator  
  49  9:16  Protoss Ground Weapons Level 1  
  55  9:27  Robotics Bay  
  55  9:29  Probe (Chrono Boost)  
  57  9:32  Probe (Chrono Boost)  
  57  9:51  Probe x2  
  59  9:55  Stalker  
  59  9:56  Stalker x2  
  59  9:58  Adept  
  67  10:05  Probe  
  68  10:16  Pylon  
  68  10:29  Colossus (Chrono Boost)  
  68  10:30  Nexus  
  71  10:50  Twilight Council  
  71  10:51  Probe x2  
  71  10:55  Pylon  
  73  11:01  Photon Cannon  
  72  11:09  Sentry x3  
  78  11:16  Immortal (Chrono Boost)  
  78  11:23  Charge (Chrono Boost)  
  82  11:26  Forge  
  82  11:30  Zealot x4  
  90  11:48  Observer (Chrono Boost)  
  91  12:10  Photon Cannon  
  90  12:29  Protoss Ground Weapons Level 2 (Chrono Boost), Protoss Ground Armor Level 1 (Chrono Boost)  
  90  12:30  Photon Cannon  
  90  12:31  Probe x2  
  90  12:33  Immortal (Chrono Boost)  
  96  12:40  Nexus  
  96  12:49  Pylon  
  96  12:53  Probe  
  96  12:54  Probe, Pylon  
  98  13:01  Photon Cannon  
  98  13:09  Templar Archives  
  98  13:16  Probe x2  
  96  13:26  Observer  
  97  13:42  Probe x2  
  99  13:51  Photon Cannon, High Templar x3  
  99  13:52  High Templar x3  
  99  13:54  Photon Cannon, Probe x2  
  99  13:55  Photon Cannon  
  113  13:56  Pylon  
  113  13:57  Photon Cannon  
  110  14:17  Probe x3  
  113  14:29  Probe x2  
  115  14:31  Assimilator  
  115  14:33  Assimilator  
  115  14:36  Photon Cannon  
  114  14:54  Probe x2  
  114  14:57  Immortal (Chrono Boost), Probe, Pylon  
  121  15:06  Probe  
  122  15:07  Archon x2  
  122  15:08  Archon  
  122  15:12  High Templar  
  124  15:20  Pylon  
  124  15:21  Pylon  
  124  15:35  Stalker x2  
  125  15:36  Stalker  
  125  15:38  Stalker  
Show
View Real Time Build Order
Export as new Build Order

DANKCRAFT Terran - Winner!

Build Orders: Command Center First (CC) 

Get SALT Encoding   

  12  0:01  SCV  
  13  0:13  SCV  
  14  0:25  SCV  
  15  0:40  Supply Depot  
  15  0:54  Command Center  
  15  1:01  SCV  
  16  1:05  Supply Depot  
  16  1:13  SCV  
  17  1:24  Barracks  
  17  1:27  SCV  
  18  1:33  Refinery  
  18  1:39  SCV  
  19  1:51  SCV  
  20  1:54  Refinery  
  20  2:02  Barracks  
  20  2:03  SCV  
  21  2:11  Bunker  
  21  2:14  Marine  
  22  2:15  SCV  
  22  2:20  SCV  
  24  2:28  SCV  
  25  2:33  SCV  
  26  2:40  SCV  
  27  2:45  SCV  
  27  2:50  Reaper  
  29  2:52  SCV  
  29  2:56  Barracks Tech Lab  
  29  2:57  Barracks, SCV  
  31  3:06  Supply Depot  
  31  3:13  SCV  
  31  3:16  SCV  
  33  3:25  SCV  
  34  3:33  Stimpack  
  34  3:35  Marine x2  
  36  3:42  SCV  
  37  3:50  Engineering Bay  
  37  3:53  Marine x2  
  37  3:54  SCV  
  40  3:56  Marine  
  41  4:06  SCV  
  42  4:11  Marine x2  
  42  4:14  Marine  
  45  4:21  Planetary Fortress  
  44  4:24  Bunker  
  44  4:28  Marine  
  44  4:29  Marine  
  46  4:31  Marine  
  47  4:46  Marine x2  
  47  4:49  Marine  
  51  4:52  SCV  
  50  5:04  Marine  
  50  5:05  SCV  
  52  5:10  Supply Depot x2  
  52  5:12  SCV  
  53  5:17  Barracks Tech Lab  
  53  5:18  Factory, Combat Shield  
  53  5:19  Factory  
  54  5:24  Marine, Planetary Fortress  
  54  5:27  Refinery  
  54  5:31  Marine  
  55  5:41  Marine  
  56  5:43  Supply Depot  
  56  5:47  Terran Infantry Weapons Level 1  
  56  5:49  Marine  
  57  5:59  Marine  
  57  6:03  Factory Tech Lab  
  58  6:04  Factory Tech Lab  
  58  6:07  Marine  
  59  6:13  Starport  
  59  6:14  SCV  
  59  6:15  Command Center  
  60  6:21  Refinery  
  60  6:23  Missile Turret  
  60  6:26  SCV  
  61  6:34  Siege Tank x2  
  61  6:38  SCV  
  68  6:41  Supply Depot  
  68  6:45  Supply Depot  
  68  6:50  SCV  
  68  6:54  Starport Tech Lab  
  69  7:03  SCV  
  69  7:04  Marine  
  69  7:05  Marine x2  
  69  7:06  Siege Tank  
  76  7:15  SCV  
  77  7:29  Siege Tank  
  80  7:38  Siege Tank  
  80  7:39  SCV  
  80  7:41  Terran Infantry Armor Level 1  
  84  7:48  Supply Depot  
  84  7:49  Supply Depot x2, Raven  
  86  7:51  SCV  
  87  8:03  SCV  
  83  8:15  SCV  
  81  8:43  Medivac  
  81  8:48  Marine x2  
  84  8:50  Siege Tank x2  
  84  8:51  SCV  
  92  8:57  Command Center  
  92  8:58  Command Center  
  92  9:02  Planetary Fortress  
  92  9:04  SCV  
  92  9:06  Marine x2  
  95  9:11  Supply Depot x2  
  95  9:12  Supply Depot  
  95  9:16  SCV, Medivac  
  98  9:20  Command Center  
  98  9:21  SCV  
  99  9:33  SCV  
  100  9:45  SCV  
  101  9:46  Medivac  
  101  9:48  Armory  
  103  9:53  Missile Turret, SCV  
  103  9:57  SCV  
  105  10:05  SCV  
  106  10:08  Refinery  
  106  10:09  SCV  
  106  10:10  Refinery  
  107  10:16  Medivac  
  107  10:17  SCV  
  107  10:18  Factory  
  107  10:19  Factory  
  107  10:20  Ghost Academy  
  110  10:21  Ghost Academy, SCV  
  111  10:29  SCV  
  111  10:34  SCV  
  113  10:41  SCV  
  110  10:53  SCV  
  110  10:56  Personal Cloaking  
  111  10:57  Nuke  
  111  11:08  Planetary Fortress  
  111  11:21  Starport  
  111  11:23  Starport  
  111  11:26  Fusion Core  
  111  11:29  Ghost x2  
  115  11:38  Orbital Command  
  113  12:21  Factory Tech Lab x2, Thor x2  
  125  12:30  SCV  
  125  12:34  Starport Tech Lab x2  
  126  12:42  SCV  
  127  12:45  Supply Depot  
  127  12:46  Supply Depot x2  
  127  12:49  Supply Depot  
  127  12:54  SCV  
  128  13:08  Nuke x2  
  126  13:36  Battlecruiser x3  
  126  13:38  SCV  
  145  13:42  Planetary Fortress  
  145  13:50  SCV  
  145  13:51  Ghost Academy  
  146  14:02  SCV  
  146  14:18  Ghost x2  
  146  14:19  Thor  
  146  14:20  Thor x3  
  173  14:37  Nuke x2  
  173  14:40  Nuke  
  173  15:03  SCV  
  174  15:09  Battlecruiser  
  180  15:15  SCV  
Tags
 
Add a new tag
Caveats
  • Supply blocks, unpowered buildings, or Contaminate may cause inaccurate times.
  • Supply counts are checked every 10 seconds.